 Dungeon Crawl Stone Soup version 0.30.0-29-ga12c61a403 (webtiles) character file.

Game seed: 10334449526815735292

17 RogueRain17 the Slasher (level 2, -2/26 HPs)
             Began as a Gnoll Reaver on June 9, 2023.
             Slain by Terence
             ... wielding a +0 flail
              (11 damage)
             ... on level 2 of the Dungeon.
             The game lasted 00:02:31 (861 turns).

RogueRain17 the Slasher (Gnoll Reaver)               Turns: 861, Time: 00:02:31

Health: -2/26      AC:  4    Str: 11    XL:     2   Next: 62%
Magic:  7/7        EV: 12    Int: 12    God:
Gold:   58         SH:  0    Dex: 10    Spells: 9/10 levels left

rFire   . . .        a - +0 falchion
rCold   . . .        (no shield)
rNeg    . . .        b - +0 leather armour
rPois   .            (no helmet)
rElec   .            (no cloak)
rCorr   .            (no gloves)
SInv    .            g - +0 pair of boots
Will    .....        (no amulet)
Stlth   +            (no ring)
HPRegen 0.24/turn    (no ring)
MPRegen 0.10/turn

%: no passive effects
@: no status effects
A: fangs 1, strong nose, distributed training
a: no special abilities


You were on level 2 of the Dungeon.
You visited 1 branch of the dungeon, and saw 2 of its levels.

You collected 58 gold pieces.

Inventory:

Hand Weapons
 a - a +0 falchion (weapon)
Armour
 b - a +0 leather armour (worn)
 g - a +0 pair of boots (worn)
Scrolls
 c - 2 scrolls of identify {unknown}
 e - a scroll of teleportation {unknown}
 h - 3 scrolls of immolation {unknown}
Potions
 d - 3 potions of curing {unknown}
 f - a potion of flight {unknown}


   Skills:
 + Level 4.5 Fighting
 + Level 0.5 Short Blades
 + Level 6.5 Long Blades
 + Level 0.5 Axes
 + Level 0.5 Maces & Flails
 + Level 0.5 Polearms
 + Level 0.5 Staves
 + Level 0.5 Ranged Weapons
 + Level 0.5 Throwing
 + Level 0.5 Armour
 + Level 4.5 Dodging
 + Level 0.5 Stealth
 + Level 0.5 Shields
 + Level 0.5 Unarmed Combat
 + Level 4.9 Spellcasting
 + Level 5.3 Conjurations
 + Level 0.3 Hexes
 + Level 0.3 Summonings
 + Level 0.3 Necromancy
 + Level 0.3 Translocations
 + Level 0.3 Transmutations
 + Level 0.3 Fire Magic
 + Level 0.3 Ice Magic
 + Level 0.3 Air Magic
 + Level 0.3 Earth Magic
 + Level 0.3 Poison Magic
 + Level 0.6 Invocations
 + Level 0.5 Evocations


You had 9 spell levels left.
You knew the following spells:

 Your Spells              Type           Power      Damage    Failure   Level
a - Kiss of Death         Conj/Necr      36%        2d8       9%          1

Your spell library contained the following spells:

 Spells                   Type           Power      Damage    Failure   Level
 Momentum Strike          Conj/Tloc      18%        3d8       12%         2
 Hailstorm                Conj/Ice       9%         3d4       24%         3
 Sublimation of Blood     Necr           3%         N/A       34%         2
 Petrify                  Tmut/Erth      3%         N/A       92%         4
 Irradiate                Conj/Tmut      4%         3d13      92%         5


Dungeon Overview and Level Annotations

Branches:
Dungeon (2/15)

Altars:

Annotations:
D:2 Terence


Innate Abilities, Weirdness & Mutations

You have very sharp teeth.
Your uncanny sense of smell can sniff out nearby items.
Your experience applies equally to all skills.


Message History

Terence is moderately wounded.
Terence hits you with a +0 flail.
You hit Terence but do no damage.
Terence is moderately wounded.
Terence barely misses you.
You slash Terence! You bite Terence, but do no damage.
Terence is severely wounded.
Terence misses you.
You hit Terence but do no damage.
Terence is severely wounded.
Terence closely misses you.
You hit Terence but do no damage.
Terence is severely wounded.
Terence closely misses you.
You hit Terence but do no damage.
Terence is severely wounded.
Terence hits you with a +0 flail.
You barely miss Terence.
Terence is severely wounded.
Terence hits you with a +0 flail.
You barely miss Terence.
Terence is severely wounded.
Terence hits you but does no damage.
You barely miss Terence.
Terence is severely wounded.
Terence hits you with a +0 flail.
You closely miss Terence.
Terence is severely wounded.
Terence shouts, "Get ready for death!"
Terence hits you with a +0 flail!
You hit Terence but do no damage.
Terence is severely wounded.
Terence hits you with a +0 flail.
You hit Terence.
Terence is severely wounded.
Terence barely misses you.
You closely miss Terence.
Terence is severely wounded.
Terence hits you with a +0 flail!
You die...

... #..# . ######..#
.. #.......# ...####
###.......#
.......####......)..#
....................#
#..#@@...[........#
#....#.#.<........#
#..........##....(..#
..##...!.##.........#
. #.....(...#.......#
...........#####.###
.........#..# .#
##.......#... ..
..###....... (.


You could see Terence.

Vanquished Creatures
  A worm (D:2)
  3 ball pythons (D:1)
  An endoplasm (D:1)
  2 hobgoblins (D:1)
  A quokka (D:1)
  2 bats (D:1)
  5 rats (D:1)
15 creatures vanquished.

Notes
Turn   | Place    | Note
-------+----------+-------------------------------------------
     0 | D:1      | RogueRain17 the Gnoll Reaver began the quest for the Orb.
     0 | D:1      | Reached XP level 1. HP: 20/20 MP: 6/6
   132 | D:1      | You fall into a shaft and drop 1 floor!
   241 | D:1      | Reached XP level 2. HP: 13/26 MP: 7/7
   844 | D:2      | Noticed Terence
   861 | D:2      | Slain by Terence

Illustrated notes

Levels and vault maps discovered:
D:1:      wheals_arrival_shading, layout_basic, minmay_unequal
D:2:      layout_rooms, dreamdust_princess_bridge, serial_bayou_pond_a,
          guppyfry_early_orc_mine, uniq_jessica, uniq_terence

Action                     || total
---------------------------++-------
  Melee: Falchion          ||    61
         Bite              ||     7
         Punch             ||     2
 Armour: Leather armour    ||    15
  Dodge: Dodged            ||    46
